 Dungeon Crawl Stone Soup version 0.15-a0-2198-g7f377d1 (webtiles) character file.

168 MrRokkomies the Bolt Thrower (level 5, -1/39 HPs)
             Began as a Formicid Hunter on July 23, 2014.
             Slain by an ogre
             ... wielding a +0 giant spiked club
              (18 damage)
             ... on Level 3 of the Dungeon.
             The game lasted 00:08:19 (3023 turns).

MrRokkomies the Bolt Thrower (Formicid Hunter)      Turns: 3023, Time: 00:08:19

HP  -1/39        AC  8     Str 17      XL: 5   Next: 78%
MP   7/7         EV  6     Int 10      God:
Gold 131         SH  0     Dex 12      Spells:  0 memorised,  4 levels left

rFire  . . .     SeeInvis +     a - +2 hand crossbow
rCold  . . .     Clarity  .     p - +0 chain mail
rNeg   . . .     rCorr    .     (no shield)
rPois  .         rRot     .     (helmet unavailable)
rElec  .         Spirit   .     (no cloak)
SustAb .         Warding  .     (no gloves)
rMut   .         Stasis   +     (no boots)
Gourm  .                        (no amulet)
MR     .....                    m - ring of flight
                                i - ring of stealth

@: not resistant to hostile enchantments, extremely unstealthy
A: permanent stasis, dig shafts and tunnels, four strong arms, antennae 3
a: Dig, Shaft Self, Evoke Flight


You were on level 3 of the Dungeon.
You were hungry.

You visited 1 branch of the dungeon, and saw 4 of its levels.

You collected 131 gold pieces.

Inventory:

Hand weapons
 a - a +2 hand crossbow (weapon)
 b - a +2 cutlass of venom
Missiles
 c - 17 bolts (quivered)
 k - 27 poisoned needles
 r - 8 bolts of frost
Armour
 p - a +0 chain mail (worn)
Comestibles
 f - 2 bread rations
 n - a beef jerky
 o - 6 fruits
 x - a meat ration
 z - a rotting chunk of rat flesh
Scrolls
 j - 2 scrolls of enchant armour
 t - a scroll of recharging
 v - a scroll of fog
 A - a scroll of fear
Jewellery
 i - a ring of stealth (left hand)
 l - a +5 ring of evasion {unknown}
 m - a ring of flight (right hand)
Potions
 d - a potion of might
 e - a potion of magic
 g - a potion of lignification
 q - a potion of cancellation
 s - 2 potions of restore abilities
 u - a potion of mutation {unknown}
 w - 2 potions of curing
Books
 y - a book of Ice

   Spells                             Type                      Level
   Metabolic Englaciation             Hexes/Ice                    5
   Ozocubu's Refrigeration            Ice                          6
   Bolt of Cold                       Conjuration/Ice              6
   Freezing Cloud                     Conjuration/Ice/Air          6
   Simulacrum                         Ice/Necromancy               6


   Skills:
 - Level 2.5 Fighting
 * Level 5.6 Crossbows
 * Level 2.5 Armour
 - Level 1.7 Dodging
 - Level 1.2 Stealth


You had 4 spell levels left.
You didn't know any spells.

Dungeon Overview and Level Annotations

Branches:
Dungeon (4/15)
 Temple: D:4-7

Altars:
Makhleb

Annotations:
D:4 MrRokkomies' ghost, average FoHu


Innate Abilities, Weirdness & Mutations

Your are under a permanent stasis effect.
You can dig through walls and to a lower floor.
Your four strong arms can wield two-handed weapons with a shield.
You have a pair of large antennae on your head (SInv).


Message History

(D) Dungeon
Where to? (Enter - D:3, ? - help)
There is a stone staircase leading down here.
You climb downwards.
An ogre and a player ghost come into view.
The ogre shouts!
MrRokkomies' ghost turns its malevolent gaze towards you.
Found a leather armour and a slice of pizza.
There is a stone staircase leading up here.
The ogre hits you with a giant spiked club!
You climb upwards.
There is a stone staircase leading down here.
You closely miss the ogre. You hit the ogre.
The ogre is poisoned.
The ogre is lightly wounded.
The ogre hits you with a giant spiked club!
Your +2 cutlass of venom stops dripping with poison.
a - a +2 hand crossbow (weapon)
The ogre hits you with a giant spiked club!!
You die...

##.#+##.#+##.#'##.#.# #.#
.#.#..#.#..#.#..#.#.# #.#
.#.#..'.'..#.#.8#.#.# #.#
##.####.####.####.#.####.#
..................#......#
###################.######
......................#
...##................##
...............O@..#.####
.................#.#....#
.................#.####.#
........########.#.# #.#
........########+#.# #.#
........#..........# #.#
........#..........# #.#
........#..........# #.#
...................# #.#


You could see an ogre.

Vanquished Creatures
  A gnoll (D:1)
  8 adders
  A giant mite (D:3)
  A worm (D:2)
  3 giant geckos
  An ooze (D:1)
  11 orcs (D:3)
  A giant cockroach (D:2)
  8 goblins
  9 hobgoblins
  2 jackals (D:2)
  2 kobolds
  A ball python (D:2)
  8 bats
  2 giant newts
  5 rats
64 creatures vanquished.

Notes
Turn   | Place    | Note
--------------------------------------------------------------
     0 | D:1      | MrRokkomies, the Formicid Hunter, began the quest for the Orb.
     0 | D:1      | Reached XP level 1. HP: 15/15 MP: 1/1
   439 | D:1      | Reached XP level 2. HP: 1/21 MP: 3/3
   941 | D:1      | Reached XP level 3. HP: 22/27 MP: 4/4
  1085 | D:2      | Found a burning altar of Makhleb.
  1224 | D:2      | Reached XP level 4. HP: 26/33 MP: 5/5
  1377 | D:2      | Reached skill level 5 in Crossbows
  1970 | D:3      | Reached skill level 1 in Armour
  1995 | D:3      | Reached XP level 5. HP: 25/39 MP: 7/7
  3018 | D:4      | Noticed an ogre
  3018 | D:4      | Noticed MrRokkomies' ghost (average FoHu)
  3023 | D:3      | Slain by an ogre

Action                   |  1- 3 |  4- 6 || total
-------------------------+-------+-------++-------
Melee: Short sword       |    54 |       ||    54
       Cutlass           |    14 |   112 ||   126
 Fire: Hand crossbow     |     2 |    21 ||    23
  Use: Scroll            |     6 |     9 ||    15
 Stab: Sleeping          |     2 |       ||     2
       Distracted        |     1 |       ||     1
  Eat: Chunk             |     1 |     5 ||     6
